 Dungeon Crawl Stone Soup version 0.31-a0-692-gf03d1854d5 (webtiles) character file.

Game seed: 16994021737411619942

38664 Ijustatesigmund the Cleaver (level 14, -19/130 HPs)
             Began as a Hill Orc Fighter on Sept 7, 2023.
             Was a High Priest of Cheibriados.
             Killed from afar by an ironbound thunderhulk (46 damage)
             ... with a bolt of lightning
             ... summoned by a worldbinder
             ... on level 2 of the Abyss.
             The game lasted 00:34:49 (18377 turns).

Ijustatesigmund the Cleaver (Hill Orc Fighter)     Turns: 18377, Time: 00:34:49

Health: -19/130    AC: 21    Str: 33      XL:     14   Next: 3%
Magic:  21/21      EV: 13    Int: 14 (18) God:    Cheibriados [*****.]
Gold:   84         SH: 21    Dex: 28 (29) Spells: 13/13 levels left

rFire   . . .        a - +6 war axe
rCold   + . .        A - +2 kite shield "Cerimn" {Str-4 Int-3 Slay+6 SInv}
rNeg    . . .        b - +0 plate armour {rPois}
rPois   +            (helmet restricted)
rElec   .            h - +1 cloak
rCorr   +            z - +1 pair of gloves
SInv    +            q - +1 pair of boots
Will    +....        e - amulet of a Million Stories {Reflect rC+ rCorr SH+5} Stlth
                     o - +6 ring of dexterity
HPRegen 0.41/turn    (no ring)
MPRegen 0.17/turn

%: reflection
@: about to teleport, very slow
A: antennae 1, deterioration 1, low MP 1, screaming 2
a: Renounce Religion, Bend Time, Temporal Distortion, Slouch, Step From Time


You were on level 2 of the Abyss.
You worshipped Cheibriados.
Cheibriados was extremely pleased with you.
You visited 2 branches of the dungeon, and saw 15 of its levels.
You visited the Abyss 1 time.
You also visited: Sewer.

You collected 868 gold pieces.
You spent 784 gold pieces at shops.

Inventory:

Hand Weapons
 a - a +6 war axe (weapon)
 s - a +4 war axe
 E - a +0 demon whip of venom
Armour
 b - a +0 plate armour of poison resistance (worn)
 c - a +0 buckler
 h - a +1 cloak (worn)
 q - a +1 pair of boots (worn)
 t - a +0 helmet
 z - a +1 pair of gloves (worn)
 A - the +2 kite shield "Cerimn" (worn) {Str-4 Int-3 Slay+6 SInv}
   (You acquired it on level 10 of the Dungeon)

   Str-4:     It affects your strength (-4).
   Int-3:     It affects your intelligence (-3).
   Slay+6:    It affects your accuracy & damage with ranged weapons and melee
   (+6).
   SInv:      It lets you see invisible.
 M - a +2 helmet
Jewellery
 e - the amulet of a Million Stories (around neck) {Reflect rC+ rCorr SH+5}
   (You acquired it on level 3 of the Dungeon)

   [amulet of reflection]

   Reflect:   It reflects blocked missile attacks.
   rC+:       It protects you from cold.
   rCorr:     It protects you from acid and corrosion.
   SH+5:      It affects your SH (+5).
 j - a ring of ice
 m - a ring of resist corrosion
 o - a +6 ring of dexterity (left hand)
 B - the amulet of Heacveo {rC+ Regen+}
   (You acquired it on level 13 of the Dungeon)

   [amulet of regeneration]

   rC+:       It protects you from cold.
   Regen+:    It increases your rate of health regeneration.
 H - a ring of fire
Wands
 r - a wand of mindburst (2)
 C - a wand of flame (20)
 F - a wand of paralysis (8)
 L - a wand of quicksilver (1)
Scrolls
 k - 6 scrolls of amnesia
 n - 5 scrolls of fog
 p - 2 scrolls of poison
 v - 2 scrolls of silence
 y - 2 scrolls of teleportation
 I - a scroll of vulnerability
 J - a scroll of identify
Potions
 d - 2 potions of might
 f - 2 potions of curing
 g - 3 potions of enlightenment
 i - 2 potions of magic
 l - 5 potions of attraction
 u - 2 potions of brilliance
 w - a potion of ambrosia
 x - 3 potions of lignification
 D - 2 potions of cancellation
 G - a potion of berserk rage
 K - a potion of mutation


   Skills:
 - Level 13.9 Fighting
 - Level 14.8 Axes
 + Level 10.0 Armour
 + Level 6.3 Dodging
 + Level 8.7 Shields
 + Level 13.4 Invocations
 - Level 5.2 Evocations


You had 13 spell levels left.
You didn't know any spells.
Your spell library contained the following spells:

 Spells                   Type           Power      Damage    Failure   Level
 Apportation              Tloc           0%         N/A       95%         1
 Blink                    Tloc           0%         N/A       99%         2
 Lesser Beckoning         Tloc           0%         N/A       99%         2
 Momentum Strike          Conj/Tloc      0%         3d8       99%         2
 Scorch                   Fire           0%         2d5       99%         2
 Sublimation of Blood     Necr           0%         N/A       99%         2
 Inner Flame              Hex/Fire       0%         N/A       100%        3
 Flame Wave               Conj/Fire      0%         2d4       100%        4
 Petrify                  Tmut/Erth      0%         N/A       100%        4
 Vhi's Electric Charge    Tloc/Air       0%         N/A       100%        4
 Alistair's Intoxication  Tmut/Pois      0%         N/A       100%        5
 Arcjolt                  Conj/Air       0%         1d10      100%        5
 Irradiate                Conj/Tmut      0%         3d11      100%        5
 Yara's Violent Unravell  Hex/Tmut       0%         3d3       100%        5
 Summon Cactus Giant      Summ           0%         N/A       100%        6
 Enfeeble                 Hex            0%         N/A       100%        7
 Maxwell's Capacitive Co  Air            0%         ∞         100%        8


Dungeon Overview and Level Annotations

Branches:
Dungeon (14/15)            Temple (0/1) D:4            Lair (1/5) D:8
    Orc (0/2) D:10         Vaults (0/5) D:13          Sewer (visited)

Altars:
Ashenzari
Cheibriados
Fedhas
Gozag
Makhleb
Okawaru
Ru
Vehumet
Zin
The Shining One
Beogh

Shops:
D:5 !   D:9 *   D:13 *

Portals:
Trove: D:11 (show slimy rune of Zot)

Annotations:
D:9 3 runed translucent doors, TheSeeker391's ghost, novice HOFi


Innate Abilities, Weirdness & Mutations

You have a pair of small antennae on your head.
Your body sometimes deteriorates upon taking damage.
Your magical capacity is low. (-10% MP)
You frequently scream uncontrollably at your foes.


Message History

The bolt of lightning hits you!!!
You hear a shout!
You hear a bark! x2
You are too injured to fight recklessly!
You are too injured to fight recklessly!
You are too injured to fight recklessly!
You are too injured to fight recklessly!
You are too injured to fight recklessly!
You are too injured to fight recklessly!
You are too injured to fight recklessly!
You are too injured to fight recklessly!
You are too injured to fight recklessly!
You are too injured to fight recklessly!
You are too injured to fight recklessly!
You are too injured to fight recklessly!
You are too injured to fight recklessly!
You are too injured to fight recklessly!
You are too injured to fight recklessly!
You are too injured to fight recklessly!
You are too injured to fight recklessly!
Unknown command.
You slice the worldbinder!!
The worldbinder is severely damaged.
The ironbound thunderhulk disappears in a puff of smoke!
The worldbinder hits you but does no damage.
You block the worldbinder's attack.
You hit the worldbinder.
The worldbinder is severely damaged.
Strange energies crackle from the ironbound thunderhulk's apparatus.
The ironbound thunderhulk blinks!
Unknown command.
As you read the scroll of teleportation, it crumbles to dust.
You feel strangely unstable.
You feel the power of the Abyss delaying your translocation!
Electricity crackles from the ironbound thunderhulk's apparatus.
The bolt of lightning hits you!!
* * * LOW HITPOINT WARNING * * *
Your body deteriorates!
You feel clumsy.
Electricity crackles from the ironbound thunderhulk's apparatus.
The bolt of lightning hits you!!!
You die...

##. ##.## #.
.###...###.#
.........#
........#
......#.#
###.......##. .
#........# # .
#......#..#
#.@......#.
.....§.ux.....#
#O...#.)......#
##...##.O....##
##. .*.....# #
##.....##
#.#..## .#.#.#,
# .


You could see a green very ugly thing (summoned), 2 ironbound thunderhulks, a
wretched star and a worldbinder.

Vanquished Creatures
  A tentacled starspawn (Abyss:2)
  A great orb of eyes (Abyss:2)
  A hydra (D:14)
  An ogre mage (D:13)
  A boulder beetle (D:14)
  Erica (D:10)
  5 two-headed ogres
  4 centaur warriors
  2 tengu warriors (D:14)
  Amaemon (D:8)
  4 large abominations (Abyss:2)
  Pikel (D:4)
  2 deep elf pyromancers (D:13)
  An orc knight (D:13)
  An orc sorcerer (Abyss:2)
  An ugly thing (D:8)
  A wolf spider (D:10)
  3 manticores
  3 cyclopes (D:14)
  A black mamba (shapeshifter) (D:13)
  2 smoke demons
  A cane toad (shapeshifter) (D:10)
  An orange demon (D:9)
  Maggie (D:7)
  3 komodo dragons
  4 kobold demonologists
  A rime drake (shapeshifter) (D:14)
  4 efreet
  A yaktaur (D:14)
  A tengu conjurer (D:13)
  An ancient zyme (Abyss:2)
  A hornet (D:10)
  3 trolls
  A meliai (D:14)
  4 slime creatures (D:14)
  4 shadows
  A wyvern (shapeshifter) (D:14)
  9 yaks
  A ynoxinul (Abyss:2)
  A vampire (D:13)
  3 wraiths
  A basilisk (D:12)
  6 starcursed masses (Abyss:2)
  A water elemental (D:12)
  3 wyverns
  A neqoxec (Abyss:2)
  Grum (D:8)
  4 vampire mosquitoes (D:12)
  A water moccasin (D:7)
  An acid dragon (D:11)
  8 orc warriors
  An ice beast (D:5)
  A black bear (D:5)
  3 sky beasts
  8 centaurs
  8 ogres
  7 wolves
  4 phantoms
  6 kobold brigands
  7 bullfrogs
  3 gnoll sergeants
  3 scorpions
  9 wights
  3 troll zombies (D:10)
  19 killer bees
  6 electric eels
  9 howler monkeys
  4 crimson imps (D:13)
  7 hounds
  A jelly (D:7)
  12 orc priests
  Terence (D:3)
  3 iguanas
  10 orc wizards
  3 ogre zombies (D:10)
  Robin (D:3)
  19 gnolls
  6 adders
  A shadow imp (D:5)
  5 white imps
  2 ufetubi (Abyss:2)
  4 worms
  A dart slug (D:4)
  35 orcs
  14 endoplasms
  11 giant cockroaches
  15 goblins
  14 hobgoblins
  6 jackals
  27 kobolds
  11 quokkas
  16 ball pythons
  4 bats
  9 frilled lizards
  A goblin skeleton (D:10)
  3 goblin zombies (D:10)
  A hobgoblin skeleton (D:10)
  3 orc skeletons (D:10)
  11 orc zombies (D:10)
  3 rats
  2 starspawn tentacles (Abyss:2)
474 creatures vanquished.

Vanquished Creatures (others)
  An unseen horror (Abyss:2)
  An ice devil (D:13)
  A shadow (D:10)
  A kobold brigand (D:13)
  2 white imps (D:13)
6 creatures vanquished.

Grand Total: 480 creatures vanquished

Notes
Turn   | Place    | Note
-------+----------+-------------------------------------------
     0 | D:1      | Ijustatesigmund the Hill Orc Fighter began the quest for
                  | the Orb.
     0 | D:1      | Reached XP level 1. HP: 19/19 MP: 1/1
   110 | D:1      | Reached skill level 3 in Axes
   201 | D:1      | Reached XP level 2. HP: 27/27 MP: 2/2
   319 | D:1      | Found a faded altar of an unknown god.
   623 | D:1      | Reached XP level 3. HP: 30/34 MP: 3/3
   810 | D:2      | Found a snail-covered altar of Cheibriados.
   994 | D:2      | Reached skill level 4 in Axes
  1709 | D:3      | Noticed Robin
  1712 | D:3      | Reached XP level 4. HP: 39/41 MP: 4/4
  1717 | D:3      | Killed Robin
  1719 | D:3      | Reached skill level 5 in Fighting
  2270 | D:3      | Noticed Terence
  2278 | D:3      | Killed Terence
  2279 | D:3      | Reached skill level 5 in Axes
  2279 | D:3      | Reached XP level 5. HP: 48/48 MP: 5/5
  2368 | D:3      | Identified a scroll of acquirement
  2368 | D:3      | Acquired the amulet of a Million Stories {Reflect rC+ rCorr
                  | SH+5}
  2757 | D:4      | Noticed an ogre
  2759 | D:4      | Found a glowing golden altar of the Shining One.
  2765 | D:4      | Killed an ogre
  2766 | D:4      | Reached XP level 6. HP: 5/57 MP: 6/6
  2767 | D:4      | HP: 1/57 [howler monkey (5)]
  2769 | D:4      | Gained mutation: You have hidden genetic defects. [potion
                  | of mutation]
  2945 | D:4      | Found a glowing drain.
  2955 | D:4      | Reached skill level 6 in Axes
  2960 | D:4      | Gained mutation: You are frail. (-10% HP) [hidden defects]
  2965 | Sewer    | Entered a sewer
  3217 | Sewer    | Reached XP level 7. HP: 45/57 MP: 7/7
  3234 | Sewer    | Gained mutation: You are weak. (Str -2) [hidden defects]
  3234 | Sewer    | Lost mutation: You have hidden genetic defects. [hidden
                  | defects expressed]
  3431 | D:4      | Found an iron altar of Okawaru.
  3437 | D:4      | Found a staircase to the Ecumenical Temple.
  3694 | D:4      | Found a broken altar of Ashenzari.
  3698 | D:4      | Found a burning altar of Makhleb.
  3750 | D:4      | Found a glowing silver altar of Zin.
  3767 | D:4      | Reached skill level 7 in Axes
  3767 | D:4      | Reached skill level 5 in Armour
  4225 | D:5      | Entered Level 5 of the Dungeon
  4225 | D:5      | Noticed a wyvern
  4236 | D:5      | Killed a wyvern
  4237 | D:5      | Reached XP level 8. HP: 20/65 MP: 8/8
  4527 | D:5      | Found Aqammuuv's Distillery.
  4592 | D:5      | Noticed Pikel
  4761 | D:4      | Killed Pikel
  4762 | D:4      | Reached skill level 8 in Axes
  5059 | D:5      | Reached skill level 9 in Axes
  5434 | D:5      | Reached XP level 9. HP: 73/73 MP: 9/9
  5659 | D:5      | Found a sacrificial altar of Ru.
  7076 | D:2      | Became a worshipper of Cheibriados the Contemplative
  7207 | D:7      | Reached skill level 1 in Invocations
  7215 | D:7      | Reached skill level 10 in Axes
  7241 | D:7      | Noticed Maggie
  7267 | D:7      | Killed Maggie
  7268 | D:7      | Reached skill level 1 in Dodging
  7527 | D:7      | Found an opulent altar of Gozag.
  7558 | D:7      | Found a radiant altar of Vehumet.
  7569 | D:7      | Reached skill level 10 in Fighting
  8033 | D:8      | Reached * piety under Cheibriados
  8034 | D:8      | Reached XP level 10. HP: 83/84 MP: 11/13
  8110 | D:8      | Found a blossoming altar of Fedhas.
  8214 | D:8      | Reached skill level 11 in Axes
  8272 | D:8      | Reached skill level 5 in Invocations
  8277 | D:8      | Found a staircase to the Lair.
  8938 | D:8      | Reached ** piety under Cheibriados
  9287 | D:8      | Noticed Grum
  9300 | D:8      | HP: 3/84 [wolf[Grum] (6)]
  9302 | Lair:1   | Entered Level 1 of the Lair of Beasts
  9536 | D:8      | Killed Grum
 10138 | D:9      | Noticed Amaemon
 10138 | D:9      | Noticed an orange demon
 10138 | D:9      | Noticed a white ugly thing
 10258 | D:8      | Killed a white ugly thing
 10694 | D:8      | Killed Amaemon
 10695 | D:8      | Reached skill level 12 in Axes
 10811 | D:9      | Noticed a kobold demonologist
 10813 | D:9      | Noticed a kobold demonologist
 10816 | D:9      | Killed an orange demon
 10817 | D:9      | Reached XP level 11. HP: 92/92 MP: 16/16
 11186 | D:9      | Reached *** piety under Cheibriados
 11587 | D:9      | Noticed a deep elf zephyrmancer
 11587 | D:9      | Noticed TheSeeker391's ghost (novice HOFi)
 11588 | D:9      | Found a runed translucent gate.
 11591 | D:9      | Reached skill level 5 in Shields
 11598 | D:9      | Noticed a green ugly thing
 11670 | D:9      | Found Honkynas's Assorted Antiques.
 11692 | D:9      | Found a runed translucent gate.
 11693 | D:9      | Found a runed translucent gate.
 11771 | D:9      | Lost mutation: You are frail. (-10% HP) [potion of
                  | mutation]
 11771 | D:9      | Lost mutation: You are weak. (Str -2) [potion of mutation]
 11771 | D:9      | Gained mutation: You occasionally shout uncontrollably at
                  | your foes. [potion of mutation]
 11771 | D:9      | Gained mutation: Your magical capacity is low. (-10% MP)
                  | [potion of mutation]
 11771 | D:9      | Gained mutation: You have a pair of small antennae on your
                  | head. [potion of mutation]
 11965 | D:10     | Entered Level 10 of the Dungeon
 12056 | D:10     | Identified the +1 robe of the Chewing Gods {Drain rPois
                  | Will+ Regen+ Dex-4}
 12156 | D:10     | Noticed a two-headed ogre
 12156 | D:10     | Noticed a centaur warrior
 12156 | D:10     | Noticed a wolf spider
 12165 | D:10     | Killed a centaur warrior
 12175 | D:10     | Killed a two-headed ogre
 12181 | D:10     | Killed a wolf spider
 12182 | D:10     | Reached skill level 13 in Axes
 12185 | D:10     | Reached **** piety under Cheibriados
 12624 | D:10     | Noticed Erica
 12633 | D:10     | Killed Erica
 12634 | D:10     | Reached skill level 1 in Evocations
 12767 | D:10     | Found a staircase to the Orcish Mines.
 12804 | D:10     | Reached ***** piety under Cheibriados
 13209 | D:10     | Reached XP level 12. HP: 113/113 MP: 17/17
 13361 | D:10     | Acquired the +2 kite shield "Cerimn" {Str-4 Int-3 Slay+6
                  | SInv}
 13821 | D:11     | Found a portal to a secret trove of treasure.
 13924 | D:11     | Noticed a two-headed ogre
 13929 | D:11     | Killed a two-headed ogre
 14095 | D:11     | Noticed a boulder beetle
 14099 | D:11     | Noticed a centaur warrior
 14123 | D:11     | Reached skill level 10 in Invocations
 14487 | D:12     | Reached skill level 14 in Axes
 14503 | D:12     | Noticed a two-headed ogre
 14520 | D:12     | Killed a two-headed ogre
 14607 | D:12     | Identified the +0 robe of Dice, Bag, and Bottle {Dex+4}
 14956 | D:12     | Identified the +7 falchion of Okawaru's Favour {freeze,
                  | Int+3}
 15676 | D:13     | Noticed a centaur warrior
 15686 | D:13     | Killed a centaur warrior
 15768 | D:13     | Reached ****** piety under Cheibriados
 15786 | D:13     | Reached skill level 5 in Evocations
 16162 | D:13     | Found a roughly hewn altar of Beogh.
 16167 | D:13     | Reached XP level 13. HP: 67/123 MP: 8/19
 16390 | D:13     | Found Dakhesh's General Store.
 17311 | D:13     | Found a gate to the Vaults.
 17360 | D:13     | Acquired the amulet of Heacveo {rC+ Regen+}
 17455 | D:9      | Bought a dazzling plate armour for 784 gold pieces
 17455 | D:9      | Identified the +1 plate armour "Daczor" {rF- Dex+5 SInv}
                  | (You bought it in a shop on level 9 of the Dungeon)
 17521 | D:13     | Reached skill level 5 in Dodging
 17975 | Abyss:2  | Cast into level 2 of the Abyss (a wizard)
 18098 | Abyss:2  | Noticed a starcursed mass
 18132 | Abyss:2  | Noticed a starcursed mass
 18243 | Abyss:2  | Noticed a tentacled starspawn
 18246 | Abyss:2  | Noticed a great orb of eyes
 18250 | Abyss:2  | Killed a tentacled starspawn
 18257 | Abyss:2  | Killed a great orb of eyes
 18297 | Abyss:2  | Gained mutation: Your body sometimes deteriorates upon
                  | taking damage. [a neqoxec]
 18298 | Abyss:2  | Gained mutation: You frequently scream uncontrollably at
                  | your foes. [a neqoxec]
 18309 | Abyss:2  | Reached XP level 14. HP: 46/130 MP: 16/21
 18310 | Abyss:2  | Reached skill level 10 in Armour
 18374 | Abyss:2  | Noticed an ironbound thunderhulk
 18375 | Abyss:2  | Noticed a green very ugly thing
 18375 | Abyss:2  | Noticed an ironbound thunderhulk
 18375 | Abyss:2  | Noticed an ironbound thunderhulk
 18377 | Abyss:2  | Killed from afar by an ironbound thunderhulk

Illustrated notes

Levels and vault maps discovered:
D:1:      evilmike_arrival_rings, layout_basic,
          hellmonk_ecumenical_altar_arch_garden
D:2:      layout_basic, basic_altar
D:3:      layout_basic, uniq_robin, uniq_terence
D:4:      layout_basic, mainiacjoe_overflow_small_starburst,
          grunt_temple_overflow_open, minmay_temple_entry_arrows,
          cheibrodos_sewer_entry_sluice, minmay_ruined_shrine
D:5:      layout_cave_pods, mainiacjoe_overflow_boulevard, serial_shops,
          nicolae_take_the_stairs, uniq_pikel
D:6:      layout_basic, serial_curves, eino_curves_02, eino_curves_02
D:7:      layout_gridville, grunt_gozag_statues,
          mainiacjoe_overflow_tiny_flanked, uniq_maggie
D:8:      layout_cave_pods, lemuel_doored_altar, erik_lair_island,
          kennysheep_nub, uniq_grum
D:9:      layout_cave_pools, serial_shops, nicolae_shop_stone,
          gammafunk_ghost_split, uniq_amaemon
D:10:     layout_layer_cave, zombieorc1_lemuel, wad_scary_box, uniq_erica
D:11:     layout_long_grid, enter_trove_3, onia_ninara_dug_in_and_dangerous
D:12:     layout_basic
D:13:     layout_roguey [special_room_orc],
          hangedman_vaults_entry_quadrant_bands, serial_shops, shop,
          minmay_fire_ice_demons
D:14:     minmay_crescents, layout_rooms,
          hellmonk_okawaru_the_only_friend_you_need
Lair:1:   layout_cave_pods, beast_lair_carwin_4, uniq_nergalle
Abyss:2:  base: D:1, evilmike_abyss_exit_vortex

Skill      XL: |  1  2  3  4  5  6  7  8  9 10 11 12 13 14 |
---------------+-------------------------------------------+-----
Axes           | 3 4 5 6 7 9 10 12 13 14 | 14.8
Fighting       | 4 5 6 7 8 10 11 12 13 | 13.9
Armour         | 4 5 7 8 9 10 | 10.0
Invocations    | 4 7 9 11 13 | 13.4
Dodging        | 2 4 6 |  6.3
Shields        | 4 6 8 |  8.7
Evocations     | 2 5 |  5.2

Action                     |  1- 3 |  4- 6 |  7- 9 | 10-12 | 13-15 || total
---------------------------+-------+-------+-------+-------+-------++-------
  Melee: War axe           |   106 |   161 |   256 |   488 |   166 ||  1177
 Invoke: Bend Time         |       |       |       |     3 |       ||     3
         Slouch            |       |       |       |     2 |     4 ||     6
  Evoke: Wand              |       |       |       |     6 |    14 ||    20
    Use: Scroll            |       |     9 |    11 |     6 |    11 ||    37
         Potion            |       |     3 |     2 |    10 |     2 ||    17
   Stab: Petrifying        |       |       |     1 |       |       ||     1
         Paralysed         |       |       |     1 |       |       ||     1
         Invisible         |       |       |       |    10 |       ||    10
 Armour: Scale mail        |    81 |    30 |       |       |       ||   111
         Chain mail        |       |    50 |   163 |       |       ||   213
         Plate armour      |       |       |    31 |   411 |    85 ||   527
  Dodge: Dodged            |    41 |    43 |    72 |   188 |    43 ||   387
  Block: Buckler           |    24 |    77 |   129 |   221 |       ||   451
         Reflection        |       |       |     6 |    26 |    18 ||    50
         Kite shield       |       |       |       |   152 |   143 ||   295

Table legend: (Time is in decaauts)
 A = Elapsed time spent in this place.
 B = Non-inter-level travel time spent in this place.
 C = Inter-level travel time spent in this place.
 D = Time resting spent in this place.
 E = Time spent auto-exploring this place.
 F = Levels seen in this place.
 G = Mean time per level.
                   A        B        C        D        E       F      G
               +--------+--------+--------+--------+--------+-----+--------+
         Total |  22243 |  21184 |   1059 |   4863 |  13385 |  17 | 1308.4 |
       Dungeon |  21169 |  20110 |   1059 |   4446 |  13089 |  14 | 1512.1 |
          Lair |    212 |    212 |      0 |    201 |      0 |   1 |  212.0 |
         Abyss |    420 |    420 |      0 |    216 |     75 |   1 |  420.0 |
         Sewer |    440 |    440 |      0 |      0 |    221 |   1 |  440.0 |
               +--------+--------+--------+--------+--------+-----+--------+

Top non-repeatable levels by time:
    D:10: 2817 daAuts
    D:13: 2687 daAuts
     D:8: 2545 daAuts
    D:12: 1962 daAuts
     D:4: 1723 daAuts
     D:7: 1572 daAuts
     D:5: 1404 daAuts
     D:9: 1245 daAuts
    D:11: 1185 daAuts
     D:3: 1105 daAuts
     D:6: 1023 daAuts
     D:2: 927 daAuts
     D:1: 748 daAuts
   Sewer: 440 daAuts
 Abyss:2: 420 daAuts
